 Dungeon Crawl Stone Soup version 0.31-a0-851-g7ff8af7976 (webtiles) character file.

Game seed: 5357841868619493383

2319 ipx the Cleaver (level 9, -1/45 HPs)
             Began as a Vine Stalker Fighter on Oct 5, 2023.
             Was an Elder of Okawaru.
             Slain by a troll (5 damage)
             ... on level 7 of the Dungeon.
             The game lasted 00:28:29 (1865 turns).

ipx the Cleaver (Vine Stalker Fighter)              Turns: 1865, Time: 00:28:30

Health: -1/45      AC:  7    Str: 29    XL:     9   Next: 41%
Magic:  0/14       EV:  9    Int:  8    God:    Okawaru [****..]
Gold:   250        SH:  4    Dex: 14    Spells: 8/8 levels left

rFire   . . .        a - +2 hand axe (elec)
rCold   . . .        p - +0 buckler {reflect}
rNeg    . . .        z - +1 scale mail {Will+}
rPois   .            (no helmet)
rElec   .            (no cloak)
rCorr   .            (no gloves)
SInv    .            (no boots)
Will    ++...        w - amulet of faith Stlth
                     S - +6 ring of strength
HPRegen 1.07/turn    (no ring)
MPRegen 0.14/turn

%: reflection, guardian spirit, faith
@: no status effects
A: fangs 3, regeneration 1, magic shield, antimagic bite, no potion heal 2
a: Renounce Religion, Heroism, Finesse


You were on level 7 of the Dungeon.
You worshipped Okawaru.
Okawaru was greatly pleased with you.
You visited 1 branch of the dungeon, and saw 8 of its levels.

You collected 250 gold pieces.

Inventory:

Hand Weapons
 a - a +2 hand axe of electrocution (weapon)
 b - a +2 whip of electrocution
 l - a +1 dagger of venom
Missiles
 m - 2 boomerangs
 v - 5 poisoned darts (quivered)
Armour
 p - a +0 buckler of reflection (worn)
 z - a +1 scale mail of willpower (worn)
Magical Staves
 r - a staff of air
Jewellery
 w - an amulet of faith (around neck)
 F - a ring of fire
 I - a ring of ice
 S - a +6 ring of strength (left hand)
Scrolls
 e - 3 scrolls of teleportation
 i - 2 scrolls of enchant weapon
 j - 2 scrolls of poison
 s - a scroll of noise {unknown}
 t - 3 scrolls of vulnerability {unknown}
 u - a scroll of revelation {unknown}
 x - a scroll of fog {unknown}
Potions
 d - a potion of might
 g - a potion of cancellation
 h - a potion of resistance {unknown}
 k - 2 potions of brilliance {unknown}
 n - a potion of magic
 o - a potion of haste {unknown}


   Skills:
 - Level 4.2 Fighting
 - Level 2.0 Short Blades
 + Level 8.3 Axes
 - Level 2.4 Armour
 - Level 2.6 Shields
 + Level 6.2 Invocations
 - Level 3.0 Evocations


You had 8 spell levels left.
You didn't know any spells.
Your spell library was empty.

Dungeon Overview and Level Annotations

Branches:
Dungeon (8/15)
 Temple: D:4-7         Lair: D:8-11

Altars:
Elyvilon
Fedhas
Gozag
Kikubaaqudgha
Okawaru

Annotations:
D:7 exclusion: downstairs
D:8 Erica


Innate Abilities, Weirdness & Mutations

You have razor-sharp teeth.
Your natural rate of healing is unusually fast.
When hurt, damage is shared between your health and your magic reserves.
Your bite disrupts and absorbs the magic of your enemies.
Potions cannot restore your health.


Message History

The white imp is heavily wounded.
The white imp falters for a moment.
You slash the white imp!
You kill the white imp!
Okawaru accepts your kill.
Okay, then.
You remove your ring of ice.
A gnoll comes into view. It is wielding a +0 whip.
The gnoll shouts!
You hear a shout! x2; You hear a loud, deep croak!
A gnoll comes into view. It is wielding a +0 whip.
You hit the gnoll but do no damage. Your bite misses the gnoll.
The gnoll hits you with a +0 whip!
You closely miss the gnoll. The gnoll hits you with a +0 whip!
You hit the gnoll. Lightning courses through the gnoll!!
You kill the gnoll!
Okawaru accepts your kill.
You hit the troll.
The troll is lightly wounded.
The troll bites you. The troll claws you but does no damage.
The troll claws you.
You slash the troll! Your bite misses the troll.
The troll is moderately wounded.
The troll bites you. The troll claws you. The troll claws you!
You closely miss the troll.
The troll is moderately wounded.
The troll bites you.
* * * LOW HITPOINT WARNING * * *
The troll closely misses you. The troll claws you.
* * * LOW HITPOINT WARNING * * *
Aiming: Fastroot
Press: ? - help, Shift-Dir - straight line, f - troll
Aim: a troll (moderately wounded)
The roots erupt in riotous growth!
Roots grab the troll.
The now-empty wand crumbles to dust.
The grasping roots constrict the troll!
You hear a shout! x2; You hear a loud, deep croak!
The troll bites you!
* * * LOW HITPOINT WARNING * * *
The troll claws you but does no damage. The troll claws you.
You die...

#<##..# #.# #.#
#.##..# #.# #.#
#.###.##..# #.#
#.. #.........#
#.# #.#
#.###.###.# #.#
#[# #..##.##
#.#
###.#...###.#
#...........###
#.#.#......@T.#
#.#.##..#####.#
# #.##..# .#
......# g.
###..># ..g
##..# ..T# #...
...# ...#


You could see a troll (rooted).

Vanquished Creatures
  The ghost of heinrich the Firebug, a novice DsFE (D:6)
  Eustachio (D:6)
  Menkaure (D:6)
  A water moccasin (D:6)
  2 ice beasts (D:6)
  An orc warrior (D:4)
  2 black bears
  2 ogres (D:6)
  A phantom (D:6)
  A kobold brigand (D:6)
  A gnoll sergeant (D:7)
  3 scorpions
  A bullfrog (D:5)
  4 wights (D:4)
  A wyvern simulacrum (D:6)
  A jelly (D:7)
  An orc priest (D:4)
  An orc wizard (D:5)
  2 bullfrog simulacra (D:6)
  5 gnolls (D:7)
  4 adders
  3 white imps
  2 worms
  10 orcs
  3 bats
  3 endoplasms
  4 goblins
  5 jackals
  6 kobolds
  2 quokkas
  3 ball pythons
  2 frilled lizards (D:2)
80 creatures vanquished.

Notes
Turn   | Place    | Note
-------+----------+-------------------------------------------
     0 | D:1      | ipx the Vine Stalker Fighter began the quest for the Orb.
     0 | D:1      | Reached XP level 1. HP: 11/11 MP: 2/2
    50 | D:1      | Reached skill level 2 in Axes
   245 | D:2      | Reached XP level 2. HP: 16/16 MP: 3/3
   323 | D:2      | Reached skill level 3 in Axes
   346 | D:2      | Reached XP level 3. HP: 19/19 MP: 4/4
   615 | D:4      | Found a white marble altar of Elyvilon.
   621 | D:4      | Found an opulent altar of Gozag.
   641 | D:4      | Noticed an orc warrior
   650 | D:4      | Reached skill level 1 in Short Blades
   650 | D:4      | Reached skill level 1 in Evocations
   650 | D:4      | Reached XP level 4. HP: 12/24 MP: 1/5
   692 | D:4      | HP: 1/24 [orc warrior/boomerang (5)]
   693 | D:4      | Killed an orc warrior
   694 | D:4      | Reached XP level 5. HP: 2/28 MP: 1/6
   743 | D:4      | Found an iron altar of Okawaru.
   748 | D:4      | Became a worshipper of Warmaster Okawaru
   754 | D:4      | Found an ancient bone altar of Kikubaaqudgha.
   842 | D:4      | Found a blossoming altar of Fedhas.
   852 | D:4      | Reached XP level 6. HP: 21/32 MP: 4/7
   864 | D:4      | Reached * piety under Okawaru
   894 | D:5      | Entered Level 5 of the Dungeon
   949 | D:5      | Reached skill level 4 in Axes
   949 | D:5      | Reached skill level 1 in Invocations
   949 | D:5      | Reached XP level 7. HP: 27/37 MP: 6/9
  1183 | D:6      | Noticed Eustachio
  1205 | D:6      | Killed Eustachio
  1208 | D:6      | Reached ** piety under Okawaru
  1209 | D:6      | Reached skill level 5 in Axes
  1209 | D:6      | Gained mutation: You have razor-sharp teeth. [Vine Stalker
                  | growth]
  1209 | D:6      | Reached XP level 8. HP: 36/42 MP: 11/11
  1268 | D:6      | Found a runed translucent gate.
  1268 | D:6      | Found a runed translucent gate.
  1268 | D:6      | Found a runed translucent gate.
  1300 | D:6      | Noticed heinrich's ghost (novice DsFE)
  1337 | D:6      | Killed heinrich's ghost
  1337 | D:6      | Reached *** piety under Okawaru
  1338 | D:6      | Reached skill level 6 in Axes
  1338 | D:6      | Reached skill level 5 in Invocations
  1351 | D:6      | Reached **** piety under Okawaru
  1354 | D:6      | Reached skill level 7 in Axes
  1354 | D:6      | Reached XP level 9. HP: 37/45 MP: 10/14
  1500 | D:7      | Noticed a troll
  1575 | D:6      | Noticed Menkaure
  1588 | D:6      | Killed Menkaure
  1589 | D:6      | Reached skill level 8 in Axes
  1637 | D:8      | Noticed Erica
  1744 | D:7      | HP: 2/45 [poisoned by a gnoll sergeant]
  1865 | D:7      | Slain by a troll

Illustrated notes

Levels and vault maps discovered:
D:1:      grunt_arrival_crossed_arrows, layout_basic, minmay_tromino_v2
D:2:      layout_loops_corners, basic_altar, serial_glass, glass_columns_c,
          glass_columns_a, feat_on_display, due_unseen_surprise
D:3:      kennysheep_six_static_rooms, layout_basic
D:4:      layout_loops_ring, grunt_temple_overflow_cloverleaf,
          nicolae_gozag_seed_capital, elyvilon_altar_5, st_stairs_7,
          minmay_joined_circles
D:5:      layout_rooms
D:6:      layout_basic, doesnt_xom_only_xom, gammafunk_ghost_icy,
          uniq_eustachio, uniq_menkaure
D:7:      layout_loops_ring, yredelemnul_forgotten_temple_becter,
          minmay_temple_entry_nine_rooms
D:8:      layout_basic, nicolae_ashenzari_skybound, grunt_dithmenos_smoke,
          serial_shops, nicolae_shop_tiny_statue_garden,
          hellmonk_guarded_unrand_zhor, uniq_erica

Skill      XL: |  1  2  3  4  5  6  7  8  9 |
---------------+----------------------------+-----
Axes           | 2 3 4 5 7 8 |  8.3
Fighting       | 3 4 |  4.2
Short Blades   | 1 2 |  2.0
Evocations     | 1 2 3 |  3.0
Invocations    | 1 3 6 |  6.2
Armour         | |  2.4
Shields        | |  2.6

Action                     |  1- 3 |  4- 6 |  7- 9 || total
---------------------------+-------+-------+-------++-------
  Melee: War axe           |    27 |       |       ||    27
         Dagger            |    23 |    31 |    14 ||    68
         Bite              |     8 |    12 |    30 ||    50
         Hand axe          |       |    13 |    85 ||    98
  Throw: Boomerang         |       |     5 |       ||     5
         Dart              |       |       |     4 ||     4
 Invoke: Heroism           |       |       |     1 ||     1
  Evoke: Wand              |     1 |     1 |     6 ||     8
    Use: Scroll            |     3 |     2 |     1 ||     6
 Armour: Scale mail        |     3 |       |    16 ||    19
         Chain mail        |    33 |    42 |    82 ||   157
  Dodge: Dodged            |     8 |    11 |    65 ||    84
  Block: Buckler           |     7 |    11 |    30 ||    48

Table legend: (Time is in decaauts)
 A = Elapsed time spent in this place.
 B = Non-inter-level travel time spent in this place.
 C = Inter-level travel time spent in this place.
 D = Time resting spent in this place.
 E = Time spent auto-exploring this place.
 F = Levels seen in this place.
 G = Mean time per level.
                   A        B        C        D        E       F      G
               +--------+--------+--------+--------+--------+-----+--------+
         Total |   1869 |   1826 |     43 |      0 |      0 |   8 |  233.6 |
       Dungeon |   1869 |   1826 |     43 |      0 |      0 |   8 |  233.6 |
               +--------+--------+--------+--------+--------+-----+--------+

Top non-repeatable levels by time:
     D:6: 428 daAuts
     D:2: 369 daAuts
     D:4: 313 daAuts
     D:5: 274 daAuts
     D:7: 250 daAuts
     D:1: 126 daAuts
     D:3: 104 daAuts
     D:8: 1 daAuts
